 Dungeon Crawl Stone Soup version 0.31-a0-182-gc5ef74b (webtiles) character file.

Game seed: 758692549274561381

247 Dawnplanks the Ogre Mage (level 6, -9/57 HPs)
             Began as an Ogre Transmuter on June 20, 2023.
             Mangled by Pikel
             ... wielding a +0 whip of freezing
              (12 damage)
             ... on level 4 of the Dungeon.
             The game lasted 00:04:44 (2895 turns).

Dawnplanks the Ogre Mage (Ogre Transmuter)          Turns: 2895, Time: 00:04:45

Health: -9/57      AC:  3    Str: 17    XL:     6   Next: 11%
Magic:  11/12      EV: 10    Int: 14    God:
Gold:   231        SH:  0    Dex:  9    Spells: 10/13 levels left

rFire   . .          .
                       - Unarmed
rCold   . . .        (no shield)
rNeg    . . .        a - +0 robe
rPois   .            o - melded +1 hat
rElec   .            (no cloak)
rCorr   .            (gloves unavailable)
SInv    .            (boots unavailable)
Will    .....        (no amulet)
Stlth   +            (no ring)
HPRegen 0.29/turn    (no ring)
MPRegen 0.13/turn

%: no passive effects
@: appendages (expiring), wereblooded
A: horns 2, talons 2, large, unfitting armour, tough skin 1
a: End Transformation


You were on level 4 of the Dungeon.
You had temporarily grown beastly horns and talons.
You visited 1 branch of the dungeon, and saw 4 of its levels.

You collected 231 gold pieces.

Inventory:

Missiles
 g - 4 boomerangs
Armour
 a - a +0 robe (worn)
 o - a +1 hat (melded)
Wands
 b - a wand of flame (18)
 m - a wand of mindburst (6)
Scrolls
 f - 3 scrolls of blinking {unknown}
 i - 2 scrolls of teleportation {unknown}
 j - a scroll of fear {unknown}
 k - a scroll of immolation {unknown}
Potions
 c - a potion of resistance {unknown}
 d - 2 potions of might {unknown}
 e - a potion of berserk rage {unknown}
 h - a potion of invisibility {unknown}
 l - a potion of enlightenment {unknown}
 n - a potion of attraction {unknown}


   Skills:
 + Level 2.1 Fighting
 + Level 2.7 Dodging
 + Level 3.9 Unarmed Combat
 + Level 4.4 Spellcasting
 + Level 2.8 Transmutations


You had 10 spell levels left.
You knew the following spells:

 Your Spells              Type           Power      Damage    Failure   Level
a - Beastly Appendage     Tmut           22%        N/A       6%          1
b - Wereblood             Tmut           11%        N/A       9%          2

Your spell library contained the following spells:

 Spells                   Type           Power      Damage    Failure   Level
 Spider Form              Tmut/Pois      7%         N/A       30%         3
 Hailstorm                Conj/Ice       3%         3d3       50%         3
 Ice Form                 Ice/Tmut       7%         N/A       71%         4
 Simulacrum               Ice/Necr       1%         N/A       100%        6


Dungeon Overview and Level Annotations

Branches:
Dungeon (4/15)
 Temple: D:4-7

Altars:
Hepliaklqana
Okawaru

Annotations:
D:4 Pikel


Innate Abilities, Weirdness & Mutations

You have temporarily grown beastly horns and talons.
You are too large for most types of armour.
You have tough skin. (AC +1)


Message History

Pikel freezes you.
You barely miss Pikel. Your kick misses Pikel. Your headbutt misses Pikel.
Pikel is moderately wounded.
A dart slug comes into view.
Pikel closely misses you.
You hit Pikel.
Pikel is heavily wounded.
Pikel hits you with a +0 whip of freezing.
Pikel freezes you.
* * * LOW HITPOINT WARNING * * *
You closely miss Pikel. Your headbutt misses Pikel.
Pikel is heavily wounded.
Your transformation is almost over.
Pikel hits you with a +0 whip of freezing.
* * * LOW HITPOINT WARNING * * *
Pikel freezes you.
* * * LOW HITPOINT WARNING * * *
You hit Pikel but do no damage. Your kick misses Pikel.
Pikel is heavily wounded.
You hit Pikel.
Pikel is heavily wounded.
Pikel says, "You'll make a fine lemure."
Pikel hits you with a +0 whip of freezing.
* * * LOW HITPOINT WARNING * * *
Pikel freezes you.
* * * LOW HITPOINT WARNING * * *
You hit Pikel. Your kick misses Pikel.
Pikel is severely wounded.
A kobold comes into view. It is wielding a +2 dagger of venom.
Pikel closely misses you.
The kobold shouts!
You hit Pikel but do no damage. Your headbutt misses Pikel.
Pikel is severely wounded.
You hear a shout!
Pikel misses you.
A dart slug comes into view.
You closely miss Pikel. Your kick misses Pikel.
Pikel is severely wounded.
Pikel hits you with a +0 whip of freezing!
You die... ### ..# ###.# #@#.# #K#.# #5g.# #ogg#

.K...K..w...>#
#.#.#...#....#
#.#####.w..# #
..... ##.##


You could see Pikel, a lemure, 2 gnolls, 2 dart slugs, an orc, a hobgoblin and a
kobold.

Vanquished Creatures
  Sigmund (D:3)
  A sleepcap (D:3)
  An adder (D:2)
  2 worms
  A dart slug (D:1)
  5 ball pythons
  6 bats
  4 endoplasms
  2 giant cockroaches
  6 hobgoblins
  2 quokkas
  2 frilled lizards (D:2)
  4 goblins
  4 rats (D:1)
41 creatures vanquished.

Notes
Turn   | Place    | Note
-------+----------+-------------------------------------------
     0 | D:1      | Dawnplanks the Ogre Transmuter began the quest for the Orb.
     0 | D:1      | Reached XP level 1. HP: 19/19 MP: 3/3
   321 | D:1      | Reached XP level 2. HP: 27/27 MP: 3/5
   464 | D:1      | Learned a level 2 spell: Wereblood
   809 | D:2      | Found an iron altar of Okawaru.
   817 | D:2      | Reached XP level 3. HP: 31/35 MP: 5/7
   856 | D:2      | Reached skill level 3 in Spellcasting
  1685 | D:3      | Reached XP level 4. HP: 7/42 MP: 9/9
  2440 | D:3      | Found a hazy altar of Hepliaklqana.
  2628 | D:3      | Noticed Sigmund
  2650 | D:3      | Killed Sigmund
  2651 | D:3      | Reached skill level 4 in Spellcasting
  2651 | D:3      | Reached XP level 5. HP: 27/49 MP: 9/11
  2651 | D:3      | Reached XP level 6. HP: 31/57 MP: 9/12
  2872 | D:4      | Noticed Pikel
  2892 | D:4      | HP: 2/57 [Pikel/+0 whip of freezing (1)]
  2895 | D:4      | Mangled by Pikel

Illustrated notes

Levels and vault maps discovered:
D:1:      dpeg_arrival_yet_another_circle, layout_basic
D:2:      layout_basic, basic_altar, minmay_tromino_v4_a
D:3:      layout_basic, nzn_hepliaklqana_mist_gate, uniq_sigmund
D:4:      layout_basic, mainiacjoe_overflow_alcove_2, serial_shops,
          nicolae_shop_stone, uniq_pikel

Skill      XL: |  1  2  3  4 |
---------------+-------------+-----
Transmutations | 2 |  2.8
Dodging        | 2 |  2.7
Unarmed Combat | 3 |  3.9
Spellcasting   | 3 4 |  4.4
Fighting       | 2 |  2.1

Action                     |  1- 3 |  4- 6 || total
---------------------------+-------+-------++-------
  Melee: Unarmed           |   122 |    49 ||   171
         Kick              |    22 |    11 ||    33
         Headbutt          |     8 |     5 ||    13
         Punch             |     1 |     1 ||     2
   Cast: Beastly Appendage |    22 |     7 ||    29
         Wereblood         |     4 |     1 ||     5
    Use: Potion            |       |     1 ||     1
   Stab: Sleeping          |     1 |       ||     1
 Armour: Robe              |    44 |     7 ||    51
         Skin              |       |     3 ||     3
  Dodge: Dodged            |    58 |    11 ||    69

Table legend: (Time is in decaauts)
 A = Elapsed time spent in this place.
 B = Non-inter-level travel time spent in this place.
 C = Inter-level travel time spent in this place.
 D = Time resting spent in this place.
 E = Time spent auto-exploring this place.
 F = Levels seen in this place.
 G = Mean time per level.
                   A        B        C        D        E       F      G
               +--------+--------+--------+--------+--------+-----+--------+
         Total |   2884 |   2721 |    163 |     30 |   2324 |   4 |  721.0 |
       Dungeon |   2884 |   2721 |    163 |     30 |   2324 |   4 |  721.0 |
               +--------+--------+--------+--------+--------+-----+--------+

Top non-repeatable levels by time:
     D:3: 1217 daAuts
     D:2: 836 daAuts
     D:1: 805 daAuts
     D:4: 25 daAuts
